 Dungeon Crawl Stone Soup version 0.21-a0-349-g0c35859 (webtiles) character file.

925 JackS81 the Basher (level 7, -21/57 HPs)
             Began as a Minotaur Fighter on Oct 6, 2017.
             Demolished by an ogre
             ... wielding a +0 giant club
              (25 damage)
             ... on level 6 of the Dungeon on Oct 7, 2017.
             The game lasted 00:17:02 (4353 turns).

JackS81 the Basher (Minotaur Fighter)               Turns: 4353, Time: 00:17:02

Health: -21/57     AC:  7    Str: 23    XL:     7   Next: 84%
Magic:  6/6        EV:  8    Int:  5    God:
Gold:   253        SH: 11    Dex: 13    Spells: 6/6 levels left

rFire    . . .     SeeInvis .   a - +0 flail
rCold    + . .     Gourm    .   c - +0 shield
rNeg     . . .     Faith    .   b - +0 scale mail
rPois    .         Spirit   .   (helmet restricted)
rElec    .         Reflect  .   (no cloak)
rCorr    +         Harm     .   (no gloves)
MR       .....                  (no boots)
Stlth    ..........             (no amulet)
HPRegen  0.19/turn              l - ring of resist corrosion
MPRegen  0.10/turn              (no ring)

@: no status effects
A: retaliatory headbutt, horns 2, agile 2, cold resistance 1
a: no special abilities


You were on level 6 of the Dungeon.
You were hungry.

You visited 2 branches of the dungeon, and saw 7 of its levels.

You collected 253 gold pieces.

Inventory:

Hand Weapons
 a - a +0 flail (weapon)
Armour
 b - a +0 scale mail (worn)
 c - a +0 shield (worn)
 d - a +2 leather armour of magic resistance
Jewellery
 l - a ring of resist corrosion (left hand)
 m - a +3 ring of intelligence
Wands
 n - a wand of confusion (19/48)
 q - a wand of paralysis (14/24)
 u - a wand of digging (15/24)
Scrolls
 e - 2 scrolls of recharging
 h - 7 scrolls of identify
 i - a scroll of immolation
 s - a scroll of magic mapping {unknown}
 t - a scroll of teleportation {unknown}
Potions
 k - a potion of lignification {unknown}
 p - a potion of curing
 v - a potion of ambrosia {unknown}
Comestibles
 f - 5 bread rations
 g - 5 meat rations
 j - 3 royal jellies
 o - 4 fruits
 r - 5 chunks of flesh


   Skills:
 - Level 3.6 Fighting
 + Level 8.4 Maces & Flails
 * Level 3.9 Armour
 + Level 7.9 Shields


You had 6 spell levels left.
You didn't know any spells.

Dungeon Overview and Level Annotations

Branches:
Dungeon (6/15)             Temple (1/1) D:5

Altars:
Cheibriados
Dithmenos
Elyvilon
Fedhas
Gozag
Hepliaklqana
Kikubaaqudgha
Makhleb
Nemelex Xobeh
Okawaru
Qazlal
Ru
Sif Muna
Trog
Uskayaw
Vehumet
Wu Jian
Xom
Yredelemnul
Zin
The Shining One

Annotations:
D:6 Menkaure


Innate Abilities, Weirdness & Mutations

You reflexively headbutt those who attack you in melee.
You have a pair of horns on your head.
You are very agile. (Dex +4)
Your flesh is cold resistant. (rC+)


Message History

You barely miss the ogre. You headbutt the ogre!
The ogre is moderately wounded.
The ogre hits you with a giant club!
* * * LOW HITPOINT WARNING * * *
You completely miss the ogre.
The ogre is moderately wounded.
The ogre hits you but does no damage.
You sock the ogre! Your headbutt misses the ogre.
The ogre is severely wounded.
You hit the ogre.
The ogre is almost dead.
The ogre hits you with a giant club!
* * * LOW HITPOINT WARNING * * *
You hit the ogre but do no damage.
The ogre is almost dead.
The ogre closely misses you.
You barely miss the ogre.
The ogre is almost dead.
The ogre hits you with a giant club!!
You die...

#.# .. #.#
.#.####.#######
....g.S.......#######.#
#go.......##.#.......#
#g##.)...<#######
#.#####.### #.#####.#
#.))O@..# #########


You could see an ogre.

Vanquished Creatures
  Eustachio (D:5)
  3 ogres
  A crimson imp (D:5)
  3 orc priests (D:5)
  2 orc wizards (D:5)
  A bullfrog skeleton (D:5)
  An iguana (D:6)
  2 worker ants
  A hound skeleton (D:5)
  A worker ant zombie (D:5)
  3 gnolls (D:6)
  10 adders
  2 adder skeletons
  A worm (D:5)
  4 dart slugs
  4 leopard geckos
  4 orcs (D:5)
  2 ball pythons
  A giant cockroach (D:5)
  12 goblins
  11 hobgoblins
  15 jackals
  2 quokkas
  11 bats
  2 frilled lizards (D:1)
  5 kobolds
  2 leopard gecko skeletons (D:4)
  7 rats
114 creatures vanquished.

Vanquished Creatures (others)
  A leopard gecko (D:4)
1 creature vanquished.

Grand Total: 115 creatures vanquished

Notes
Turn   | Place    | Note
-------+----------+-------------------------------------------
     0 | D:1      | JackS81 the Minotaur Fighter began the quest for the Orb.
     0 | D:1      | Reached XP level 1. HP: 19/19 MP: 0/0
    74 | D:1      | Reached XP level 2. HP: 24/26 MP: 1/1
   158 | D:1      | Found a sparkling altar of Nemelex Xobeh.
   251 | D:1      | Reached skill level 3 in Maces & Flails
   292 | D:1      | Reached XP level 3. HP: 31/31 MP: 2/2
   922 | D:2      | Reached skill level 5 in Shields
  1139 | D:2      | Reached XP level 4. HP: 37/39 MP: 3/3
  1228 | D:2      | Reached skill level 4 in Maces & Flails
  1736 | D:3      | Upgraded the game from 0.21-a0-348-ga060c75 to 0.21-a0-349-g0c35859
  2195 | D:3      | Reached XP level 5. HP: 45/45 MP: 4/4
  2672 | D:4      | Noticed an ogre
  2677 | D:4      | Gained mutation: You are agile. (Dex +2) [potion of mutation]
  2677 | D:4      | Gained mutation: You are very agile. (Dex +4) [potion of mutation]
  2677 | D:4      | Gained mutation: Your flesh is cold resistant. (rC+) [potion of mutation]
  2682 | D:4      | Killed an ogre
  2682 | D:4      | Reached skill level 5 in Maces & Flails
  2729 | D:4      | Reached XP level 6. HP: 32/51 MP: 5/5
  2931 | D:4      | Found a radiant altar of Vehumet.
  3088 | D:5      | Entered Level 5 of the Dungeon
  3100 | D:5      | Reached skill level 6 in Maces & Flails
  3322 | D:5      | Found a staircase to the Ecumenical Temple.
  3330 | Temple   | Entered the Ecumenical Temple
  3480 | D:5      | Reached skill level 7 in Maces & Flails
  3480 | D:5      | Reached XP level 7. HP: 57/57 MP: 6/6
  3481 | D:5      | Found an iron altar of Okawaru.
  3978 | D:5      | Noticed Eustachio
  4005 | D:5      | Killed Eustachio
  4005 | D:5      | Reached skill level 8 in Maces & Flails
  4157 | D:5      | Found a glowing silver altar of Zin.
  4157 | D:5      | Found a sacrificial altar of Ru.
  4158 | D:5      | Found a shadowy altar of Dithmenos.
  4207 | D:6      | Noticed Menkaure
  4353 | D:6      | Demolished by an ogre

Vault maps used:
D:1:      dpeg_arrival_connections, serial_forest,
          infiniplex_forest_clump_double, infiniplex_forest_diagonal,
          infiniplex_forest_zigzag_1, infiniplex_forest_clump_curved,
          nemelex_diamond_rough_becter
D:4:      fiery_altar_vehumet
D:5:      okawaru_gym_becter, gammafunk_temple_overflow_claw, temple_green,
          first_bread, uniq_eustachio
D:6:      uniq_sigmund, uniq_menkaure, uniq_blork_the_orc
Temple:   lightli_temple_of_artemis

Skill      XL: |  1  2  3  4  5  6  7 |
---------------+----------------------+-----
Shields        | 4 5 6 7 |  7.9
Maces & Flails | 3 4 5 7 8 |  8.4
Fighting       | |  3.6
Armour         | |  3.9

Action                   |  1- 3 |  4- 6 |  7- 9 || total
-------------------------+-------+-------+-------++-------
Melee: Flail             |   126 |   177 |    66 ||   369
       Headbutt          |    21 |    28 |    13 ||    62
  Use: Scroll            |     4 |     4 |     1 ||     9
       Potion            |       |     4 |     2 ||     6
  Eat: Chunk             |     1 |     8 |     2 ||    11
Armor: Scale mail        |    55 |    70 |    12 ||   137
Dodge: Dodged            |    38 |    39 |    17 ||    94
Block: Shield            |    75 |    95 |    13 ||   183

Table legend:
 A = Spawn XP
 B = Non-spawn XP
 C = Spawn XP percentage of total XP
 D = Spawn monster count
 E = Non-spawn monster count
 F = Spawn count percentage of total count
 G = Total turns spent on level
                    A         B        C        D         E        F      G
               +---------+---------+-------+---------+---------+-------+---------
         Total |       0 |    1322 |   0.0 |       0 |     114 |   0.0 |  4353
               +---------+---------+-------+---------+---------+-------+---------
           D:1 |       0 |      58 |   0.0 |       0 |      34 |   0.0 |   870
           D:2 |       0 |      95 |   0.0 |       0 |      28 |   0.0 |   805
           D:3 |       0 |      43 |   0.0 |       0 |      10 |   0.0 |   671
           D:4 |       0 |     217 |   0.0 |       0 |      15 |   0.0 |   742
           D:5 |       0 |     818 |   0.0 |       0 |      22 |   0.0 |  1059
           D:6 |       0 |      91 |   0.0 |       0 |       5 |   0.0 |    89
               +---------+---------+-------+---------+---------+-------+---------
